 Dungeon Crawl Stone Soup version 0.22-a0-533-g4d20840 (webtiles) character file.

30 inc the Scratcher (level 3, -1/17 HPs)
             Began as a Felid Chaos Knight on June 22, 2018.
             Slain by a worm (11 damage)
             ... on level 2 of the Dungeon.
             The game lasted 00:01:01 (951 turns).

inc the Scratcher (Felid Chaos Knight)               Turns: 951, Time: 00:01:02

Health: -1/17      AC:  1    Str:  8    XL:     3   Next: 3%
Magic:  4/4        EV: 18    Int: 14    God:    Xom [..*...]
Gold:   52         SH:  0    Dex: 15    Spells: 2/2 levels left
                                        Lives:  0   Deaths: 0

rFire    . . .     SeeInvis +     - Unarmed
rCold    . . .     Gourm    .   (shield unavailable)
rNeg     . . .     Faith    .   (armour unavailable)
rPois    .         Spirit   .   (helmet unavailable)
rElec    .         Reflect  .   (cloak unavailable)
rCorr    .         Harm     .   (gloves unavailable)
MR       .....                  (boots unavailable)
Stlth    ++........             (no amulet)
HPRegen  0.05/turn              (no ring)
MPRegen  0.09/turn              (no ring)

@: quick
A: very small, no armour, no weapons or thrown items, stealth, claws 1, fangs 3,
see invisible, carnivore, speed 1, shaggy fur 1, slow metabolism 1, sharp paws
a: Renounce Religion


You were on level 2 of the Dungeon.
You worshipped Xom.
You were a toy of Xom.
You were not hungry.

You visited 1 branch of the dungeon, and saw 2 of its levels.

You collected 52 gold pieces.

Inventory:

Jewellery
 b - an uncursed ring of positive energy {unknown}
Scrolls
 d - 5 scrolls of remove curse {unknown}
Potions
 c - a potion of mutation {unknown}
Comestibles
 a - 3 rations


   Skills:
 - Level 3.0 Fighting
 - Level 3.2 Dodging
 + Level 4.2 Unarmed Combat


You had 2 spell levels left.
You didn't know any spells.
Your spell library was empty.

Dungeon Overview and Level Annotations

Branches:
Dungeon (2/15)

Altars:


Innate Abilities, Weirdness & Mutations

You cannot wear armour.
You are incapable of wielding weapons or throwing items.
Your paws allow you to move quietly. (Stealth)
You have sharp claws.
You have razor-sharp teeth.
You have supernaturally acute eyesight. (SInv)
You are carnivorous and can eat meat at any time.
You cover ground quickly.
You are covered in fur. (AC +1)
You have a slow metabolism.
Your sharp claws are effective at attacking unaware monsters.


Message History

The orc misses you.
You scratch the orc.
You kill the orc!
You have reached level 3!
Your experience leads to an increase in your attributes!
Increase (S)trength, (I)ntelligence, or (D)exterity?
You feel clever.
A worm comes into view.
You scratch the worm.
The worm is lightly wounded.
You scratch the worm.
The worm is moderately wounded.
The worm bites you.
You scratch the worm but do no damage.
The worm is moderately wounded.
You claw the worm! Your bite misses the worm.
The worm is severely wounded.
The worm bites you!
Ouch! That really hurt!
You die...

#.##.# #........#
#.##.######)####.##
#.##.#.†.<..†......
#.##.#.####.###.###
#.##.#.# #†# #
#)##.#<# #.#
#.##.##.#.####.#
#...........##.#
#..#..@........#
#..####w#.#.#### #.
#...... ..
.....#.## .#
.######.# #. #.#
#.# ..#


You could see a worm.

Vanquished Creatures
  A worm (D:2)
  A leopard gecko (D:1)
  An orc (D:2)
  2 bats (D:1)
  2 giant cockroaches (D:1)
  A goblin (D:1)
  3 hobgoblins (D:1)
  4 kobolds
  A quokka (D:2)
  A ball python (D:1)
  3 frilled lizards
  3 rats (D:1)
23 creatures vanquished.

Notes
Turn   | Place    | Note
-------+----------+-------------------------------------------
     0 | D:1      | inc the Felid Chaos Knight began the quest for the Orb.
     0 | D:1      | Reached XP level 1. HP: 10/10 MP: 2/2
   111 | D:1      | XOM: divination: magic mapping
   241 | D:1      | Reached XP level 2. HP: 14/14 MP: 3/3
   264 | D:1      | XOM: divination: detect items
   683 | D:1      | Reached skill level 4 in Unarmed Combat
   785 | D:1      | XOM: harmless Tmut miscast
   920 | D:2      | XOM: noise
   945 | D:2      | Reached XP level 3. HP: 13/17 MP: 4/4
   951 | D:2      | Slain by a worm

Vault maps used:
D:1:      dpeg_arrival_snail, grunt_decor_one_mirror

Skill      XL: |  1  2 |
---------------+-------+-----
Unarmed Combat | 4 |  4.2
Fighting       | |  3.0
Dodging        | |  3.2

Action                   || total
-------------------------++-------
Melee: Unarmed           ||    64
       Punch             ||     1
       Bite              ||     3
 Stab: Sleeping          ||     2
Armor: Skin              ||     2
Dodge: Dodged            ||    33

Table legend:
 A = Spawn XP
 B = Non-spawn XP
 C = Spawn XP percentage of total XP
 D = Spawn monster count
 E = Non-spawn monster count
 F = Spawn count percentage of total count
 G = Total turns spent on level
                    A         B        C        D         E        F      G
               +---------+---------+-------+---------+---------+-------+---------
         Total |       0 |      43 |   0.0 |       0 |      23 |   0.0 |   951
               +---------+---------+-------+---------+---------+-------+---------
           D:1 |       0 |      30 |   0.0 |       0 |      18 |   0.0 |   831
           D:2 |       0 |      13 |   0.0 |       0 |       5 |   0.0 |   120
               +---------+---------+-------+---------+---------+-------+---------
